 Dungeon Crawl Stone Soup version 0.30-b1-2-g02819fbbbe (webtiles) character file.

Game seed: 378380824950903164

14574 LLlMATKO the Fighter (level 11, -10/156 HPs)
             Began as a Minotaur Berserker on June 9, 2023.
             Was a Priest of Trog.
             Mangled by an eight-headed hydra (11 damage)
             ... on level 10 of the Dungeon on June 11, 2023.
             The game lasted 00:11:06 (9803 turns).

LLlMATKO the Fighter (Minotaur Berserker)           Turns: 9803, Time: 00:11:06

Health: -10/156    AC: 18    Str: 24    XL:     11   Next: 90%
Magic:  0/10       EV: 11    Int:  4    God:    Trog [***...]
Gold:   701        SH:  5    Dex: 12    Spells: 10/10 levels left

rFire   . . .        x - +0 hand axe (heavy)
rCold   . . .        Y - +2 buckler
rNeg    . . .        O - +0 plate armour
rPois   +            (helmet restricted)
rElec   .            h - +0 cloak
rCorr   .            P - +0 pair of gloves
SInv    .            (no boots)
Will    .....        J - amulet of guardian spirit Stlth
                     t - ring of poison resistance
HPRegen 0.46/turn    y - ring of flight
MPRegen 0.12/turn

%: guardian spirit
@: berserking, flying, very quick
A: horns 2, retaliatory headbutt
a: Renounce Religion, Berserk, Trog's Hand


You were on level 10 of the Dungeon.
You worshipped Trog.
Trog was most pleased with you.
You visited 1 branch of the dungeon, and saw 10 of its levels.

You collected 701 gold pieces.

Inventory:

Hand Weapons
 x - a +0 heavy hand axe (weapon)
Missiles
 u - 11 poisoned darts
 C - 2 atropa-tipped darts
 S - 4 javelins (quivered)
 W - 6 boomerangs
 X - 2 curare-tipped darts
Armour
 h - a +0 cloak (worn)
 G - +0 fire dragon scales
 I - a +2 scale mail of cold resistance
 O - a +0 plate armour (worn)
 P - a +0 pair of gloves (worn)
 Y - a +2 buckler (worn)
Jewellery
 t - a ring of poison resistance (left hand)
 w - a ring of ice
 y - a ring of flight (right hand)
 D - a ring of resist corrosion
 J - an amulet of guardian spirit (around neck)
 Z - a ring of willpower
Wands
 E - a wand of flame (13)
 L - a wand of roots (15)
 N - a wand of mindburst (16)
 Q - a wand of digging (6)
 T - a wand of quicksilver (8)
 U - a wand of charming (9)
Scrolls
 b - 7 scrolls of teleportation {unknown}
 d - 2 scrolls of fear {unknown}
 e - a scroll of brand weapon {unknown}
 j - 9 scrolls of identify {unknown}
 o - 6 scrolls of amnesia {unknown}
 p - 7 scrolls of fog {unknown}
 q - 2 scrolls of noise {unknown}
 r - 2 scrolls of magic mapping {unknown}
 v - 2 scrolls of enchant weapon {unknown}
 z - 2 scrolls of poison {unknown}
 A - 2 scrolls of butterflies {unknown}
 B - a scroll of blinking {unknown}
 H - 2 scrolls of silence {unknown}
 K - a scroll of acquirement {unknown}
 V - a scroll of enchant armour {unknown}
Potions
 a - 2 potions of flight {unknown}
 c - 8 potions of curing {unknown}
 f - 2 potions of attraction {unknown}
 g - 7 potions of might
 i - 2 potions of brilliance {unknown}
 k - 5 potions of haste {unknown}
 l - 4 potions of heal wounds {unknown}
 m - 2 potions of invisibility {unknown}
 n - a potion of mutation {unknown}
 s - 4 potions of lignification {unknown}
 F - a potion of berserk rage {unknown}
 M - 2 potions of ambrosia {unknown}
 R - a potion of magic {unknown}


   Skills:
 + Level 12.2 Fighting
 + Level 12.2 Axes
 + Level 11.9 Armour
 + Level 10.9 Dodging
 + Level 0.2 Shields


You had 10 spell levels left.
You didn't know any spells.
Your spell library was empty.

Dungeon Overview and Level Annotations

Branches:
Dungeon (10/15)            Temple (0/1) D:6            Lair (0/5) D:10
    Orc: D:9-12

Altars:
Makhleb
Jiyva

Shops:
D:7 :   D:8 [?

Annotations:
D:9 3 runed translucent doors, FlatIsJustice's ghost, novice TeAE; MrCrawl's ghost, novice DsNe; adept's ghost, novice GrFi; arta456's ghost, novice DECj
D:10 2 runed translucent doors


Innate Abilities, Weirdness & Mutations

You have a pair of horns on your head.
You reflexively headbutt those who attack you in melee.


Message History

The seven-headed hydra attacks as you move away!
The seven-headed hydra bites you!
You block the seven-headed hydra's attack.
The seven-headed hydra bites you.
The seven-headed hydra bites you but does no damage.
The seven-headed hydra bites you! The seven-headed hydra bites you.
The seven-headed hydra bites you but does no damage.
The seven-headed hydra attacks as you move away!
You block the seven-headed hydra's attack.
The seven-headed hydra bites you! x2
* * * LOW HITPOINT WARNING * * *
The seven-headed hydra bites you.
* * * LOW HITPOINT WARNING * * *
The seven-headed hydra bites you but does no damage.
The seven-headed hydra bites you!
* * * LOW HITPOINT WARNING * * *
The seven-headed hydra misses you.
A red film seems to cover your vision as you go berserk!
You feel yourself moving faster!
You feel mighty!
You block the seven-headed hydra's attack.
The seven-headed hydra bites you!
* * * LOW HITPOINT WARNING * * *
The seven-headed hydra bites you!
* * * LOW HITPOINT WARNING * * *
The seven-headed hydra bites you but does no damage.
The seven-headed hydra bites you.
* * * LOW HITPOINT WARNING * * *
The seven-headed hydra bites you but does no damage. x2
You slice one of the seven-headed hydra's heads off!
The six-headed hydra grows two more!
You slash the eight-headed hydra! You headbutt the eight-headed hydra!
The eight-headed hydra is heavily wounded.
The eight-headed hydra closely misses you.
You furiously retaliate!
You headbutt the eight-headed hydra! The eight-headed hydra bites you!
* * * LOW HITPOINT WARNING * * *
The eight-headed hydra bites you.
* * * LOW HITPOINT WARNING * * *
The eight-headed hydra bites you!
You die...

...#.#...#.#...#.#.#####.#..~~~≈~
....###..#.......#.#.....~≈~~≈≈≈≈
...###....##.#...#.#.###≈~~≈≈≈≈≈≈
.............#...#.#.#..~≈≈≈≈≈≈≈≈
.......>...........#.#.#≈~≈≈≈≈≈≈≈
.#..#.....#..........#.~≈≈≈≈≈≈≈≈≈
...##....##......#####.#≈≈≈≈≈≈≈~≈
..........##..........~≈≈≈≈≈≈≈≈~.
...#......##...D@..#~~≈≈≈≈~≈≈###.
................#)÷<.≈≈~~.####...
#.....#.~#......#...##.~..# #.#.
#...............###.##.#..####.#.
##.....................#.........
###........#....####.### ##.###..
# ##.##.#..+....# .. .....#.. #
#.....###....# ####. #.#.... #
#.....# ####.# ... ..###.#.##.


You could see an eight-headed hydra.

Vanquished Creatures
  A rakshasa (D:9)
  2 two-headed ogres
  A boulder beetle (D:6)
  A deep elf pyromancer (D:9)
  2 ugly things (D:9)
  4 cyclopes (D:9)
  A gargoyle (D:10)
  An unseen horror (D:6)
  2 efreet (D:9)
  A rime drake (D:10)
  2 hornets
  Sigmund (D:3)
  2 wraiths
  9 yaks (D:8)
  2 steam dragons
  6 humans (D:8)
  3 vampire mosquitoes (D:10)
  An acid dragon (D:10)
  2 water moccasins
  2 orc warriors
  2 sky beasts
  3 ice beasts
  2 black bears
  An ogre (D:5)
  4 wolves (D:10)
  3 centaurs
  2 kobold brigands (D:9)
  3 bullfrogs
  4 scorpions
  4 killer bees (D:10)
  3 howler monkeys (D:9)
  An electric eel (D:10)
  11 jellies
  2 hounds
  6 orc priests
  5 iguanas
  A sleepcap (D:5)
  5 orc wizards
  A gnoll (D:6)
  5 adders
  A shadow imp (D:6)
  A white imp (D:6)
  3 ufetubi
  4 worms
  5 dart slugs
  28 orcs
  11 bats
  15 endoplasms
  7 giant cockroaches
  9 hobgoblins
  4 jackals (D:1)
  21 kobolds
  3 quokkas
  4 ball pythons (D:1)
  4 frilled lizards
  8 goblins
  3 rats
245 creatures vanquished.

Vanquished Creatures (collateral kills)
  A two-headed ogre (D:8)
  A troll (D:9)
  2 yaks (D:8)
  A white imp (D:8)
5 creatures vanquished.

Vanquished Creatures (others)
  2 orc wizards
  2 withered plants (D:9)
4 creatures vanquished.

Grand Total: 254 creatures vanquished

Notes
Turn   | Place    | Note
-------+----------+-------------------------------------------
     0 | D:1      | LLlMATKO the Minotaur Berserker began the quest for the
                  | Orb.
     0 | D:1      | Reached XP level 1. HP: 19/19 MP: 0/0
    98 | D:1      | Found a large runed translucent door.
    98 | D:1      | Found a large runed translucent door.
    98 | D:1      | Noticed a jelly
   100 | D:1      | Found a viscous altar of Jiyva.
   100 | D:1      | Noticed a jelly
   100 | D:1      | Noticed a jelly
   100 | D:1      | Noticed a jelly
   100 | D:1      | Noticed a jelly
   102 | D:1      | Reached XP level 2. HP: 27/27 MP: 1/1
   391 | D:1      | Reached ** piety under Trog
   435 | D:1      | Reached XP level 3. HP: 29/33 MP: 2/2
  1089 | D:1      | Reached XP level 4. HP: 40/40 MP: 3/3
  1097 | D:1      | Reached XP level 5. HP: 47/47 MP: 4/4
  1103 | D:1      | Reached skill level 5 in Fighting
  1103 | D:1      | Reached skill level 5 in Axes
  1447 | D:2      | Found a faded altar of an unknown god.
  1451 | D:2      | Reached XP level 6. HP: 56/56 MP: 5/5
  1837 | D:3      | You fall into a shaft and drop 2 floors!
  1837 | D:5      | Entered Level 5 of the Dungeon
  2106 | D:3      | Reached *** piety under Trog
  2439 | D:3      | Noticed Sigmund
  2447 | D:3      | Killed Sigmund
  2448 | D:3      | Reached skill level 5 in Armour
  2448 | D:3      | Reached XP level 7. HP: 62/62 MP: 6/6
  3443 | D:5      | Reached skill level 5 in Dodging
  3735 | D:5      | Reached XP level 8. HP: 71/71 MP: 7/7
  4010 | D:5      | Reached **** piety under Trog
  4310 | D:6      | Found a staircase to the Ecumenical Temple.
  4485 | D:6      | Killed an unseen horror
  4703 | D:6      | Reached XP level 9. HP: 70/81 MP: 8/8
  4836 | D:6      | Noticed a boulder beetle
  4855 | D:6      | HP: 3/81 [boulder beetle (7)]
  4860 | D:6      | Killed a boulder beetle
  5996 | D:7      | Found Ifosch's Tiny Tomes.
  6201 | D:8      | Reached XP level 10. HP: 91/91 MP: 6/9
  6285 | D:8      | Noticed a two-headed ogre
  6287 | D:8      | Reached skill level 10 in Fighting
  6287 | D:8      | Reached skill level 10 in Axes
  6295 | D:8      | Killed a two-headed ogre
  6296 | D:8      | Reached skill level 10 in Armour
  6581 | D:8      | Found Yegara's Dragon-Slaying Spoils.
  6681 | D:8      | Found Koif Rump's Magic Scroll Emporium.
  6804 | D:8      | Found a burning altar of Makhleb.
  7364 | D:9      | Found a runed translucent gate.
  7364 | D:9      | Found a runed translucent gate.
  7366 | D:9      | Found a runed translucent gate.
  7367 | D:9      | Noticed adept's ghost (novice GrFi)
  7367 | D:9      | Noticed MrCrawl's ghost (novice DsNe)
  7367 | D:9      | Noticed arta456's ghost (novice DECj)
  7368 | D:9      | Noticed FlatIsJustice's ghost (novice TeAE)
  7422 | D:9      | Noticed a two-headed ogre
  7433 | D:9      | Killed a two-headed ogre
  7434 | D:9      | Reached XP level 11. HP: 47/101 MP: 6/10
  7896 | D:9      | Noticed a purple ugly thing
  7902 | D:9      | Killed a purple ugly thing
  7977 | D:9      | Reached skill level 10 in Dodging
  8175 | D:9      | Noticed a rakshasa
  8190 | D:9      | Killed a rakshasa
  8277 | D:9      | Noticed a red ugly thing
  8277 | D:9      | Noticed a deep elf pyromancer
  8291 | D:9      | Killed a red ugly thing
  8295 | D:9      | Killed a deep elf pyromancer
  8605 | D:9      | Identified the +1 leather armour "Qirifeq" {rC+ Regen+
                  | rCorr Dex+3}
  8849 | D:10     | Entered Level 10 of the Dungeon
  9384 | D:10     | Noticed a two-headed ogre
  9393 | D:10     | Killed a two-headed ogre
  9501 | D:10     | Found a staircase to the Lair.
  9693 | D:10     | Found a runed translucent door.
  9695 | D:10     | Found a runed translucent door.
  9768 | D:10     | Noticed a seven-headed hydra
  9803 | D:10     | HP: 7/156 [eight-headed hydra (9)]
  9803 | D:10     | HP: 1/156 [eight-headed hydra (6)]
  9803 | D:10     | Mangled by an eight-headed hydra

Illustrated notes

Levels and vault maps discovered:
D:1:      erik_arrival_cave_to_civilisation [erik_arrival_cave_to_temple],
          layout_basic
D:2:      layout_loops_cross, basic_ecumenical_altar
D:3:      layout_loops_ring, uniq_sigmund
D:4:      layout_rooms
D:5:      layout_basic, minmay_chambers_of_fives
D:6:      minmay_opposing_rooms, layout_basic, minmay_temple_entry_large_hall,
          nrook_pool_corridor
D:7:      layout_rooms, nicolae_shop_i_like_small_books_too
D:8:      layout_loops_cross, lemuel_doored_altar, serial_shops, shop,
          nicolae_shop_dragon_depot, minmay_ruffians
D:9:      layout_loops_cross, gammafunk_ghost_cemetery,
          minmay_misc_feat_secret_circle, minmay_evil_grid
D:10:     lemuel_insect_pit, layout_basic, hellmonk_lair_entry_icy

Skill      XL: |  1  2  3  4  5  6  7  8  9 10 11 |
---------------+----------------------------------+-----
Fighting       | 4 5 6 8 9 10 12 | 12.2
Axes           | 4 5 6 7 9 10 12 | 12.2
Armour         | 3 4 5 6 7 9 10 11 | 11.9
Dodging        | 3 4 5 6 8 9 10 | 10.9
Shields        | |  0.2

Action                     |  1- 3 |  4- 6 |  7- 9 | 10-12 || total
---------------------------+-------+-------+-------+-------++-------
  Melee: Hand axe          |    62 |   125 |   216 |   189 ||   592
         Headbutt          |     8 |    14 |    43 |    47 ||   112
         Punch             |       |     3 |     6 |     3 ||    12
  Throw: Dart              |       |       |     5 |       ||     5
 Invoke: Berserk           |     1 |     2 |     5 |     9 ||    17
         Trog's Hand       |     1 |       |     1 |     2 ||     4
         Brothers in Arms  |       |       |       |     2 ||     2
    Use: Scroll            |       |       |       |     1 ||     1
 Armour: Ring mail         |    34 |    16 |       |       ||    50
         Chain mail        |       |    58 |    95 |       ||   153
         Fire dragon scale |       |       |    27 |       ||    27
         Plate armour      |       |       |    40 |   116 ||   156
  Dodge: Dodged            |    51 |    57 |   135 |   103 ||   346
  Block: Buckler           |       |       |       |     5 ||     5
